[Event "Titled Tuesday Blitz September 27 Early 2022"]
[White "Kuchava, Ana"]
[Black "Ribeiro, Matheus Mendes Domingues"]
[WhiteFideId "13605348"]
[BlackFideId "324226923"]
[WhiteElo "1955"]
[BlackElo "2047"]
[Result "0-1"]
[Round "07"]
[TimeControl "180+1"]
[Date "2022.09.27"]
[WhiteClock "0:00:04"]
[BlackClock "0:00:07"]

1. d4 d5 2. Nf3 e6 3. c4 Nf6 4. Nc3 Be7 5. Bf4 O-O 6. e3 b6 7. cxd5 Nxd5 8. Nxd5 exd5 9. Bd3 h6 10. O-O Be6 11. Rc1 c5 12. dxc5 bxc5 13. Bb1 Nc6 14. Qc2 f5 15. Qa4 Qb6 16. Rfd1 Bf6 17. Bd6 Rfc8 18. Bxc5 Qxb2 19. Ba3 Qb6 20. h3 a5 21. Bd3 Nb4 22. Bb1 Rd8 23. Bxb4 axb4 24. Qc6 Qxc6 25. Rxc6 Kf7 26. Nd4 Bxd4 27. Rxd4 Rab8 28. Rc7+ Kf6 29. g4 fxg4 30. hxg4 Rdc8 31. Rxc8 Rxc8 32. Rxb4 Bxg4 33. Rxg4 Rc1+ 34. Kg2 Rxb1 35. Ra4 g5 36. Ra6+ Kg7 37. Kf3 h5 38. a4 Rb4 39. a5 Ra4 40. Ra7+ Kg6 41. a6 h4 42. Ra8 g4+ 43. Kg2 Ra2 44. a7 Kg7 45. Rd8 Rxa7 46. Rxd5 Kg6 47. Rd4 Kf5 48. Rd5+ Kf6 49. Rd4 Rg7 50. Rf4+ Kg5 51. Rf8 Ra7 52. Rg8+ Kh5 53. Rh8+ Kg5 54. Rg8+ Kf5 55. Rf8+ Ke4 56. Rh8 h3+ 57. Kg3 Rg7 58. Re8+ Kf5 59. Rf8+ Kg5 60. Rf4 Kh5 61. Rf5+ Rg5 62. Rf8 Rg6 63. Rh8+ Kg5 64. Rf8 Rh6 65. Rg8+ Kf5 66. Kh2 Ra6 67. Rf8+ Ke4 68. Rf4+ Kd3 69. Rxg4 Ke2 70. Kxh3 Kxf2 71. e4 Kf3 72. Rh4 Ra1 73. Kh2 Ra2+ 74. Kh3 Rd2 75. e5 Re2 76. Rh5 Re1 77. Kh4 Kf4 0-1


[Site "https://www.chess.com"]

[Event "Titled Tuesday Blitz September 27 Early 2022"]
[White "Kukreja, Sankalp"]
[Black "Lauridsen, Jesper Morch"]
[WhiteFideId "45027676"]
[BlackFideId "1401890"]
[WhiteElo "2004"]
[BlackElo "2248"]
[Result "1-0"]
[Round "07"]
[TimeControl "180+1"]
[Date "2022.09.27"]
[WhiteClock "0:00:06"]
[BlackClock "0:00:20"]

1. e4 c5 2. Nf3 e6 3. d4 cxd4 4. Nxd4 Nc6 5. Nc3 a6 6. Be3 Nge7 7. Bc4 b5 8. Bb3 Nxd4 9. Bxd4 Nc6 10. Be3 Bb7 11. O-O Be7 12. Qg4 O-O 13. f4 Kh8 14. Rad1 Na5 15. Bd4 f6 16. f5 Nxb3 17. axb3 e5 18. Be3 Qc7 19. Rd2 Bb4 20. Rfd1 Bxc3 21. Rxd7 Qa5 22. Qxg7# 1-0


[Site "https://www.chess.com"]

[Event "Titled Tuesday Blitz September 27 Early 2022"]
[White "Kukula, Pawel"]
[Black "Bettalli, Francesco"]
[WhiteFideId "1115081"]
[BlackFideId "2816453"]
[WhiteElo "2062"]
[BlackElo "2216"]
[Result "1-0"]
[Round "07"]
[TimeControl "180+1"]
[Date "2022.09.27"]
[WhiteClock "0:01:06"]
[BlackClock "0:00:46"]

1. d4 e5 2. dxe5 Nc6 3. Nf3 Qe7 4. Bf4 Qb4+ 5. Bd2 Qxb2 6. Nc3 Bb4 7. Rb1 Qa3 8. Nd5 Bxd2+ 9. Qxd2 Qxa2 10. Rd1 Kd8 11. Qg5+ Nge7 12. e4 Qxc2 13. Bd3 Qa2 14. O-O b6 15. Bb5 h6 16. Qh4 g5 17. Nxg5 Rg8 18. Nxf7+ Ke8 19. Nxc7+ Kxf7 20. Qf6# 1-0


[Site "https://www.chess.com"]

[Event "Titled Tuesday Blitz September 27 Early 2022"]
[White "Kvon, Andrey"]
[Black "Fiorito, Joaquin"]
[WhiteFideId "14201356"]
[BlackFideId "180173"]
[WhiteElo "2458"]
[BlackElo "1758"]
[Result "1/2-1/2"]
[Round "07"]
[TimeControl "180+1"]
[Date "2022.09.27"]
[WhiteClock "0:00:20"]
[BlackClock "0:00:12"]

1. d4 d5 2. c4 c6 3. Nf3 Nf6 4. e3 Bf5 5. Be2 e6 6. O-O Nbd7 7. Nbd2 h6 8. a4 Bd6 9. a5 O-O 10. a6 b6 11. Qa4 Rc8 12. b3 Ne4 13. Nxe4 Bxe4 14. Nd2 Nf6 15. Ba3 Bf5 16. Rfc1 dxc4 17. Bxd6 Qxd6 18. Nxc4 Qe7 19. Qa3 c5 20. Ne5 Be4 21. dxc5 bxc5 22. f3 Ba8 23. e4 Qd6 24. Qb2 Rfd8 25. Rd1 Qc7 26. Nc4 Qc6 27. Kf2 Rb8 28. Rxd8+ Rxd8 29. Qe5 Ne8 30. Ra5 Rc8 31. Qc3 f6 32. Ne3 Qc7 33. Bc4 Kf7 34. Ra2 Qxh2 35. Rd2 Nd6 36. Qd3 Rd8 37. Qc2 Qh4+ 38. Kf1 Qh1+ 39. Ke2 Qh2 40. Qd1 Bc6 41. Rd3 Qe5 42. Qc1 Qg3 43. Qa3 Nxc4 44. bxc4 Rxd3 45. Kxd3 Qe5 46. Qa5 Qd4+ 47. Ke2 Kg6 48. Qc7 Ba4 49. Qxa7 Qb2+ 50. Ke1 Qc1+ 51. Ke2 Qb2+ 52. Ke1 Qc3+ 53. Ke2 Qb2+ 1/2-1/2


[Site "https://www.chess.com"]

[Event "Titled Tuesday Blitz September 27 Early 2022"]
[White "Lakshmi C"]
[Black "Tarnowska, Aleksandra"]
[WhiteFideId "25035347"]
[BlackFideId "1180967"]
[WhiteElo "1775"]
[BlackElo "1700"]
[Result "1-0"]
[Round "07"]
[TimeControl "180+1"]
[Date "2022.09.27"]
[WhiteClock "0:00:38"]
[BlackClock "0:00:02"]

1. e4 c5 2. Nf3 e6 3. d4 cxd4 4. Nxd4 a6 5. c4 Nf6 6. Nc3 Bb4 7. Bd3 Qc7 8. Bd2 Nc6 9. Nxc6 dxc6 10. Na4 Bxd2+ 11. Qxd2 O-O 12. O-O e5 13. h3 Be6 14. Nc5 Qe7 15. Nxe6 Qxe6 16. Qe3 Rfd8 17. Rad1 Nh5 18. b3 Nf4 19. Bc2 Qg6 20. Qf3 h6 21. Kh2 Ne6 22. Qe3 Nd4 23. Bb1 Ne6 24. g3 Qh5 25. Bc2 Nd4 26. Bd3 Nf3+ 27. Kg2 Ng5 28. Rh1 Rd7 29. f4 exf4 30. gxf4 Ne6 31. Be2 Qg6+ 32. Kh2 Qf6 33. Rhf1 Rxd1 34. Bxd1 Rd8 35. e5 Qf5 36. Bg4 Qc2+ 37. Rf2 Qd3 38. Qe1 Nd4 39. f5 Re8 40. e6 Qc3 41. Qxc3 1-0


[Site "https://www.chess.com"]

[Event "Titled Tuesday Blitz September 27 Early 2022"]
[White "Lazavik, Denis"]
[Black "Zelbel, Patrick"]
[WhiteFideId "13515110"]
[BlackFideId "24624322"]
[WhiteElo "2437"]
[BlackElo "2474"]
[Result "1-0"]
[Round "07"]
[TimeControl "180+1"]
[Date "2022.09.27"]
[WhiteClock "0:00:34"]
[BlackClock "0:00:02"]

1. d4 Nf6 2. c4 c5 3. d5 b5 4. cxb5 a6 5. e3 e6 6. dxe6 fxe6 7. Nf3 Bb7 8. bxa6 Nxa6 9. Be2 Be7 10. O-O O-O 11. b3 d5 12. Bb2 Bd6 13. Nbd2 Qc7 14. g3 e5 15. e4 Nxe4 16. Nxe4 dxe4 17. Nd2 Qc6 18. Nc4 e3 19. f3 Rad8 20. Qc1 Nb4 21. Na5 Qc7 22. Nxb7 Qxb7 23. Qc4+ Kh8 24. a4 Nc6 25. Qe4 Qb6 26. Qxe3 Nd4 27. a5 Qxb3 28. Qxb3 Nxb3 29. Ra4 Bc7 30. Bc3 Nd4 31. Bc4 Nxf3+ 32. Kg2 e4 33. a6 Nd4 34. Rxf8+ Rxf8 35. a7 Ra8 36. Bd5 1-0


[Site "https://www.chess.com"]

[Event "Titled Tuesday Blitz September 27 Early 2022"]
[White "Le, Tuan Minh"]
[Black "Azaladze, Shota"]
[WhiteFideId "12401153"]
[BlackFideId "13603027"]
[WhiteElo "2530"]
[BlackElo "2439"]
[Result "1-0"]
[Round "07"]
[TimeControl "180+1"]
[Date "2022.09.27"]
[WhiteClock "0:00:11"]
[BlackClock "0:00:26"]

1. d4 g6 2. e4 Bg7 3. Nf3 d6 4. Bc4 c6 5. Nc3 Nf6 6. Bb3 O-O 7. O-O Bg4 8. h3 Bxf3 9. Qxf3 Nbd7 10. Be3 e6 11. Rad1 d5 12. Rfe1 a5 13. a4 Qb6 14. Bg5 dxe4 15. Nxe4 Nxe4 16. Qxe4 Nf6 17. Qf3 Nd5 18. Re4 Rfe8 19. Qd3 h6 20. Bh4 g5 21. Bg3 Rad8 22. Qc4 Kh8 23. c3 f5 24. Re2 f4 25. Bh2 Qc7 26. Rde1 Qf7 27. Bc2 Kg8 28. Qd3 Kf8 29. Qc4 Re7 30. Qc5 Kg8 31. Qxa5 f3 32. gxf3 Qxf3 33. Qxd8+ Kf7 34. Bg3 h5 35. Be4 Qf6 36. Bxd5 cxd5 37. Qd6 Qf5 38. Re3 h4 39. Be5 Bf8 40. Qd8 Kg6 41. Bd6 Rf7 42. R1e2 Bh6 43. Rxe6+ Kh5 44. Qe8 g4 45. R6e5 1-0


[Site "https://www.chess.com"]

[Event "Titled Tuesday Blitz September 27 Early 2022"]
[White "Lewtak, Damian"]
[Black "Timofeev, Artyom"]
[WhiteFideId "1141724"]
[BlackFideId "4140419"]
[WhiteElo "2329"]
[BlackElo "2579"]
[Result "0-1"]
[Round "07"]
[TimeControl "180+1"]
[Date "2022.09.27"]
[WhiteClock "0:01:11"]
[BlackClock "0:00:55"]

1. g3 c5 2. Bg2 Nc6 3. d3 g6 4. Nf3 Bg7 5. O-O e6 6. a4 Nge7 7. c3 O-O 8. e4 b6 9. Be3 h6 10. Qc1 Kh7 11. Rd1 Bb7 12. Nbd2 d5 13. Nf1 d4 14. Bd2 dxc3 15. Bxc3 Nd4 16. Bxd4 Bxd4 17. Nxd4 Qxd4 18. Ne3 h5 19. h4 Rfd8 20. Nc4 Kg7 21. a5 b5 22. a6 Bxa6 23. Nd2 Bb7 24. Nb3 Qb4 25. Qxc5 Qxb3 26. Qxe7 Rab8 27. Rdc1 Qxb2 28. Rc7 Qxa1+ 29. Kh2 Qf6 0-1


[Site "https://www.chess.com"]

[Event "Titled Tuesday Blitz September 27 Early 2022"]
[White "Lohani, Sujana"]
[Black "Dilmukhametov, Artur"]
[WhiteFideId "12311987"]
[BlackFideId "24179922"]
[WhiteElo "1691"]
[BlackElo "2206"]
[Result "1-0"]
[Round "07"]
[TimeControl "180+1"]
[Date "2022.09.27"]
[WhiteClock "0:01:39"]
[BlackClock "0:02:25"]

1. d4 Nf6 2. Bf4 g6 3. Nc3 Bg7 4. e4 d6 5. Qd2 Nbd7 6. Bh6 Bxh6 7. Qxh6 e5 8. Nf3 exd4 9. Nxd4 Ne5 10. h3 Be6 11. O-O-O Qe7 12. Bb5+ Bd7 13. Bxd7+ Nexd7 14. f4 Nxe4 15. Nxe4 O-O-O 16. Rhe1 Qf6 17. Nxf6 1-0


[Site "https://www.chess.com"]

[Event "Titled Tuesday Blitz September 27 Early 2022"]
[White "Machidon, Cristi"]
[Black "Nigmatov, Ortik"]
[WhiteFideId "13904590"]
[BlackFideId "14202131"]
[WhiteElo "2632"]
[BlackElo "2771"]
[Result "0-1"]
[Round "07"]
[TimeControl "180+1"]
[Date "2022.09.27"]
[WhiteClock "0:00:04"]
[BlackClock "0:00:06"]

1. d4 Nf6 2. c4 g6 3. Nc3 Bg7 4. e4 d6 5. Be2 O-O 6. Bg5 c5 7. d5 h6 8. Be3 e6 9. Qd2 exd5 10. exd5 Kh7 11. h3 Re8 12. Bd3 Nbd7 13. Nf3 Ne5 14. Nxe5 Rxe5 15. O-O Nh5 16. Kh2 f5 17. f4 Re8 18. Rae1 Bd7 19. Re2 Qh4 20. Rf3 Re7 21. Bf2 Rxe2 22. Nxe2 Qf6 23. b3 Re8 24. Re3 Rf8 25. g3 Kh8 26. Ng1 g5 27. fxg5 hxg5 28. Qd1 Qh6 29. Re7 Bc8 30. Qe2 Nf6 31. Kg2 f4 32. g4 f3+ 33. Nxf3 Nxg4 34. Re8 Nxf2 35. Rxf8+ Bxf8 36. Kxf2 Bxh3 37. Kg3 Bd7 38. Qe4 Bg7 39. Kf2 g4 40. Ne1 Bd4+ 41. Ke2 g3 42. Ng2 Qh5+ 43. Kd2 Be5 44. Qh4 Qxh4 45. Nxh4 Kg7 46. Ke2 Kf6 47. Kf3 Kg5 48. Ng6 Bg4+ 49. Kg2 Bf5 50. Bxf5 Kxf5 51. Ne7+ Ke4 52. Nc8 Kd4 53. Nxa7 Kc3 54. Nb5+ Kb2 55. a4 Kxb3 56. a5 Kxc4 57. Nc7 Kb4 58. a6 bxa6 59. Nxa6+ Kb3 60. Nc7 c4 0-1


[Site "https://www.chess.com"]

[Event "Titled Tuesday Blitz September 27 Early 2022"]
[White "Mahdavi, Reza"]
[Black "Kamsky, Gata"]
[WhiteFideId "12595926"]
[BlackFideId "2000024"]
[WhiteElo "2240"]
[BlackElo "2666"]
[Result "1/2-1/2"]
[Round "07"]
[TimeControl "180+1"]
[Date "2022.09.27"]
[WhiteClock "0:02:35"]
[BlackClock "0:01:14"]

1. e4 e5 2. Nf3 Nc6 3. Nc3 Nf6 4. d4 Bb4 5. Nxe5 Qe7 6. Qd3 Nxe5 7. dxe5 Qxe5 8. Bd2 Bxc3 9. Bxc3 Qxe4+ 10. Qxe4+ Nxe4 11. Bxg7 Rg8 12. Bh6 d5 13. f3 Nd6 14. O-O-O c6 15. Bf4 Ke7 16. g4 Be6 17. Bd3 f5 1/2-1/2


[Site "https://www.chess.com"]

[Event "Titled Tuesday Blitz September 27 Early 2022"]
[White "Makhnev, Denis"]
[Black "Wojtaszek, Radoslaw"]
[WhiteFideId "13707647"]
[BlackFideId "1118358"]
[WhiteElo "2486"]
[BlackElo "2606"]
[Result "0-1"]
[Round "07"]
[TimeControl "180+1"]
[Date "2022.09.27"]
[WhiteClock "0:00:01"]
[BlackClock "0:00:11"]

1. d4 Nf6 2. c4 e6 3. Nf3 b6 4. g3 Ba6 5. Qb3 Bb7 6. Bg2 c5 7. dxc5 Bxc5 8. O-O O-O 9. Nc3 Be7 10. Rd1 d6 11. Bf4 a6 12. h3 Qc7 13. Rac1 Nbd7 14. Qa3 e5 15. Bg5 Rfc8 16. b3 h6 17. Nd5 Nxd5 18. cxd5 Qd8 19. Bxe7 Qxe7 20. Nd2 b5 21. Ne4 Rxc1 22. Rxc1 Bxd5 23. Qxd6 Qxd6 24. Nxd6 Nf6 25. Bxd5 Nxd5 26. Rc5 Nb6 27. Rxe5 Rd8 28. Re8+ Rxe8 29. Nxe8 Nd5 30. e3 Kf8 31. Nd6 Ke7 32. Nb7 Nc3 33. Nc5 a5 34. a3 a4 35. bxa4 bxa4 36. Kf1 Kd6 37. Nd3 Kd5 38. Nb2 Kc5 39. Ke1 Kb5 40. Kd2 Nb1+ 41. Kd3 Nxa3 42. g4 Nb1 43. Kc2 Na3+ 44. Kd3 Kb4 45. f4 Nb5 46. Nd1 Kb3 0-1


[Site "https://www.chess.com"]

[Event "Titled Tuesday Blitz September 27 Early 2022"]
[White "Malek, Jan"]
[Black "Xu, Yi"]
[WhiteFideId "21864080"]
[BlackFideId "8605564"]
[WhiteElo "2172"]
[BlackElo "2471"]
[Result "0-1"]
[Round "07"]
[TimeControl "180+1"]
[Date "2022.09.27"]
[WhiteClock "0:00:06"]
[BlackClock "0:00:11"]

1. c4 e5 2. Nc3 Nf6 3. g3 Bb4 4. Bg2 O-O 5. e4 Re8 6. Nge2 Nc6 7. O-O d6 8. d3 Bc5 9. Na4 Nd4 10. Nxc5 Nxe2+ 11. Qxe2 dxc5 12. f4 b6 13. fxe5 Ng4 14. Bf4 Nxe5 15. Rad1 Bg4 16. Qf2 Bxd1 17. Bxe5 Rxe5 18. Qxf7+ Kh8 19. Rxd1 Qe7 20. Qxe7 Rxe7 21. Kf2 Rd8 22. Ke3 Rd4 23. Rf1 Kg8 24. Bh3 g6 25. b4 Rd6 26. a3 cxb4 27. axb4 c5 28. b5 Kg7 29. Bg4 Rf7 30. Ra1 Kf6 31. Rf1+ Ke7 32. Ra1 Ke8 33. e5 Rd4 34. Bf3 Re7 35. Be4 Kf8 36. e6 Rxe6 37. Rxa7 Re7 38. Ra8+ Kg7 39. h4 Rd6 40. Rc8 h6 41. g4 g5 42. hxg5 hxg5 43. Kf3 Rf7+ 44. Bf5 Rxd3+ 45. Ke4 Rd4+ 46. Ke5 Re7+ 47. Be6 Rxg4 48. Rg8+ Kh7 49. Rf8 Rxc4 50. Kf6 Rxe6+ 51. Kxe6 Rb4 52. Kf6 Rf4+ 0-1


[Site "https://www.chess.com"]

[Event "Titled Tuesday Blitz September 27 Early 2022"]
[White "Manukian, Artak"]
[Black "Hambleton, Aman"]
[WhiteFideId "13301373"]
[BlackFideId "2606577"]
[WhiteElo "2511"]
[BlackElo "2538"]
[Result "0-1"]
[Round "07"]
[TimeControl "180+1"]
[Date "2022.09.27"]
[WhiteClock "0:00:59"]
[BlackClock "0:00:03"]

1. e4 e6 2. d4 d5 3. e5 c5 4. c3 Qb6 5. Nf3 Bd7 6. a3 Bb5 7. c4 Bxc4 8. Bxc4 dxc4 9. O-O cxd4 10. Nxd4 Nc6 11. Be3 Bc5 12. Nxc6 Bxe3 13. fxe3 Qxe3+ 14. Kh1 bxc6 15. Nd2 Rd8 16. Nxc4 Rxd1 17. Nxe3 Rxa1 18. Rxa1 Ne7 19. Rd1 Nd5 20. Nc4 Ke7 21. b4 f6 22. exf6+ gxf6 23. Na5 Rc8 24. Rc1 Kd7 25. Kg1 e5 26. Kf2 h5 27. g3 f5 28. Nb7 h4 29. gxh4 Rh8 30. Na5 Ne7 31. Kg3 Rg8+ 32. Kf2 Rg4 33. Rc4 e4 34. Rd4+ Ke6 35. Nb7 Rxh4 36. Nc5+ Ke5 37. Rd7 Nd5 38. Kg3 Rg4+ 39. Kh3 Nf4# 0-1


[Site "https://www.chess.com"]

[Event "Titled Tuesday Blitz September 27 Early 2022"]
[White "Marin Ramirez, Gerardo"]
[Black "White, John S."]
[WhiteFideId "3901068"]
[BlackFideId "2502348"]
[WhiteElo "1920"]
[BlackElo "1883"]
[Result "1-0"]
[Round "07"]
[TimeControl "180+1"]
[Date "2022.09.27"]
[WhiteClock "0:01:28"]
[BlackClock "0:01:10"]

1. d4 Nf6 2. Nf3 g6 3. g3 Bg7 4. Bg2 d5 5. O-O O-O 6. c3 e6 7. Nbd2 Nc6 8. Re1 b6 9. e4 Re8 10. e5 Nd7 11. a3 Ba6 12. b4 Bb7 13. Bb2 f6 14. exf6 Nxf6 15. Ng5 Qd7 16. f4 h6 17. Ngf3 a5 18. b5 Ne7 19. a4 Nf5 20. Ne5 Qd8 21. Nxg6 c6 22. bxc6 Bxc6 23. Ne5 Qc7 24. Ndf3 Bb7 25. g4 Ne7 26. g5 hxg5 27. Nxg5 Nf5 28. Bh3 Ne4 29. Qh5 Nxg5 30. fxg5 Bxe5 31. Rxe5 Qf7 32. g6 Qg7 33. Rae1 Bc8 34. Bxf5 1-0


[Site "https://www.chess.com"]

[Event "Titled Tuesday Blitz September 27 Early 2022"]
[White "Martin Carmona, Gaston Manuel"]
[Black "Aguilar, Juan"]
[WhiteFideId "22284567"]
[BlackFideId "3800091"]
[WhiteElo "2162"]
[BlackElo "2336"]
[Result "0-1"]
[Round "07"]
[TimeControl "180+1"]
[Date "2022.09.27"]
[WhiteClock "0:01:49"]
[BlackClock "0:00:54"]

1. d4 Nf6 2. c4 g6 3. Nc3 d5 4. Nf3 Bg7 5. cxd5 Nxd5 6. h4 c5 7. h5 Nc6 8. e3 Bf5 9. Bc4 Nb6 10. Bb5 O-O 11. hxg6 hxg6 12. e4 cxd4 13. exf5 dxc3 14. Qb3 Nd4 15. Nxd4 Qxd4 16. Rb1 Qe4+ 17. Be2 Qxb1 0-1


[Site "https://www.chess.com"]

[Event "Titled Tuesday Blitz September 27 Early 2022"]
[White "Melikhov, Evgeny V."]
[Black "Smietanska, Wiktoria"]
[WhiteFideId "4122046"]
[BlackFideId "21869359"]
[WhiteElo "1963"]
[BlackElo "1847"]
[Result "1-0"]
[Round "07"]
[TimeControl "180+1"]
[Date "2022.09.27"]
[WhiteClock "0:00:25"]
[BlackClock "0:00:01"]

1. d4 Nf6 2. c4 g6 3. Nc3 Bg7 4. e4 d6 5. f3 O-O 6. Be3 e5 7. d5 a5 8. Bd3 Na6 9. Qd2 Nd7 10. O-O-O Ndc5 11. Bb1 Bd7 12. Nge2 Rb8 13. Nb5 Re8 14. Bc2 Nb4 15. a3 Nxc2 16. Kxc2 Bxb5 17. cxb5 Qd7 18. Nc3 b6 19. b4 axb4 20. axb4 Nb7 21. Ra1 Ra8 22. Ra6 f5 23. Rha1 Rab8 24. Qd3 fxe4 25. Nxe4 Qf5 26. Qc4 Qf7 27. Ra7 Rec8 28. Kb3 Nd8 29. Rc1 Bf8 30. Rxc7 Rxc7 31. Qxc7 Qxd5+ 32. Qc4 Qxc4+ 33. Kxc4 Nf7 34. Kd5 Ra8 35. Rc7 Ra3 36. Bxb6 Rd3+ 37. Ke6 Nd8+ 38. Kd7 Nf7 39. Nf6+ Kg7 40. Ne8+ Kg8 41. Kc8 d5 42. Bc5 d4 43. Nf6+ Kg7 44. Nd7 Bxc5 45. bxc5 Re3 46. b6 d3 47. b7 d2 48. b8=Q d1=Q 49. Qb2 Rd3 50. Nxe5 Rd8+ 51. Kb7 Kg8 52. Nxf7 Qd5+ 53. c6 1-0


[Site "https://www.chess.com"]

[Event "Titled Tuesday Blitz September 27 Early 2022"]
[White "Mickiewicz, Piotr"]
[Black "Yurovskykh, Oleksandr"]
[WhiteFideId "1114891"]
[BlackFideId "14134020"]
[WhiteElo "2246"]
[BlackElo "2303"]
[Result "0-1"]
[Round "07"]
[TimeControl "180+1"]
[Date "2022.09.27"]
[WhiteClock "0:00:06"]
[BlackClock "0:00:06"]

1. Nf3 d5 2. g3 c6 3. Bg2 Bg4 4. O-O Nd7 5. d4 e6 6. Nbd2 Ngf6 7. Re1 Be7 8. e4 O-O 9. e5 Ne8 10. h3 Bh5 11. g4 Bg6 12. Nf1 Nc7 13. Ng3 c5 14. c3 b5 15. Be3 a5 16. Qd2 b4 17. h4 c4 18. h5 Bd3 19. h6 g6 20. Bg5 Rb8 21. Bxe7 Qxe7 22. Ng5 bxc3 23. bxc3 Qa3 24. Rac1 Rb2 25. Qf4 Qe7 26. Re3 Rxa2 27. Bf1 Bxf1 28. Kxf1 a4 29. Rb1 a3 30. Rb7 Rc8 31. Rf3 Rb2 32. Ra7 a2 33. Kg2 Ne8 34. Qxf7+ Qxf7 35. Rxf7 Rc7 36. Ra8 Nf8 37. Rxf8+ Kxf8 38. Nxe6+ Ke7 39. Nxc7 Nxc7 40. Ra7 Kd7 41. Kf3 Kc6 42. e6 Nxe6 43. Ne2 Ng5+ 44. Ke3 Ne4 45. Nf4 Nxc3 46. Ne6 Rb1 47. Rxa2 Nxa2 48. Nf8 Rh1 49. g5 Nb4 50. Kf4 c3 51. Nxh7 c2 52. Nf8 c1=Q+ 53. Ke5 Qxg5+ 54. Ke6 Re1+ 55. Kf7 Re7+ 56. Kg8 Qxh6 57. Ne6 Qh7+ 58. Kf8 Qf7# 0-1


[Site "https://www.chess.com"]

[Event "Titled Tuesday Blitz September 27 Early 2022"]
[White "Mikhailovsky, Vladimir"]
[Black "Concio, Michael Jr."]
[WhiteFideId "34105414"]
[BlackFideId "5217873"]
[WhiteElo "2297"]
[BlackElo "1896"]
[Result "1-0"]
[Round "07"]
[TimeControl "180+1"]
[Date "2022.09.27"]
[WhiteClock "0:00:14"]
[BlackClock "0:00:01"]

1. e4 e5 2. Nf3 Nc6 3. Nc3 Nf6 4. Nxe5 Nxe5 5. d4 Ng6 6. e5 Ng8 7. Bc4 d6 8. Qf3 Be6 9. Qxb7 Rb8 10. Bb5+ Bd7 11. Bxd7+ Kxd7 12. Qxa7 Qc8 13. Qa4+ Kd8 14. O-O Be7 15. f4 Nh6 16. Nd5 Nh4 17. f5 N4xf5 18. Nxe7 Kxe7 19. Bg5+ Kf8 20. Rf2 dxe5 21. dxe5 Qe6 22. Raf1 Kg8 23. Qa7 Qb6 24. Qa4 g6 25. g4 Qd4 26. Qxd4 Nxd4 27. Bxh6 Ne2+ 28. Rxe2 1-0


[Site "https://www.chess.com"]

[Event "Titled Tuesday Blitz September 27 Early 2022"]
[White "Mladek, Richard"]
[Black "Salman, Pavel"]
[WhiteFideId "386588"]
[BlackFideId "24153753"]
[WhiteElo "2263"]
[BlackElo "2039"]
[Result "1-0"]
[Round "07"]
[TimeControl "180+1"]
[Date "2022.09.27"]
[WhiteClock "0:00:55"]
[BlackClock "0:00:02"]

1. Nf3 c5 2. e4 e6 3. d4 cxd4 4. Nxd4 a6 5. Nc3 Qc7 6. a3 Nf6 7. Bd3 Be7 8. O-O d6 9. Kh1 Nbd7 10. f4 Nc5 11. Qf3 Bd7 12. Bd2 h5 13. Rae1 h4 14. e5 Nh5 15. exd6 Qxd6 16. Qe3 Nxd3 17. cxd3 Bc6 18. Ne4 Qd5 19. f5 O-O-O 20. Nxc6 bxc6 21. Qa7 e5 22. Qxe7 Qxd3 23. Nc5 Qb5 24. Ba5 Kb8 25. Bxd8 Ka8 26. Rd1 Qb8 27. Qd7 Ng3+ 28. hxg3 hxg3+ 29. Kg1 Qb5 30. Qc8+ Ka7 31. Rd7+ Qb7 32. Rxb7# 1-0


[Site "https://www.chess.com"]

[Event "Titled Tuesday Blitz September 27 Early 2022"]
[White "Moaataz, Ayah"]
[Black "Shashikant, Kutwal"]
[WhiteFideId "10615873"]
[BlackFideId "5006520"]
[WhiteElo "1993"]
[BlackElo "2321"]
[Result "1-0"]
[Round "07"]
[TimeControl "180+1"]
[Date "2022.09.27"]
[WhiteClock "0:00:17"]
[BlackClock "0:00:02"]

1. c4 b6 2. g3 Bb7 3. Nf3 g5 4. Bg2 g4 5. Nh4 Bxg2 6. Nxg2 e6 7. d4 h5 8. e4 Be7 9. Nc3 d6 10. Be3 Nd7 11. Qd2 h4 12. gxh4 Bxh4 13. Qe2 Ngf6 14. O-O-O e5 15. h3 exd4 16. Rxd4 Ne5 17. hxg4 Nfxg4 18. Nd5 Nxe3 19. Qxe3 Bf6 20. Rxh8+ Bxh8 21. Qh3 Ng6 22. Rd3 c6 23. Nde3 Qf6 24. Rd2 Qe6 25. Qf5 O-O-O 26. Ne1 Ne5 27. b3 Kc7 28. f4 Qxf5 29. Nxf5 Nd7 30. Nxd6 Bc3 31. Nxf7 Bxd2+ 32. Kxd2 Rf8 33. Ng5 Rh8 34. Nef3 Rh1 35. a4 Ra1 36. Kc3 Nc5 37. f5 Rf1 38. f6 Kd7 39. Kd4 Ne6+ 40. Ke5 Nxg5 41. Nxg5 c5 42. Ne6 Ke8 43. Kd5 Rf3 44. e5 Rxb3 45. Nc7+ Kf7 46. e6+ Kxf6 47. Kd6 Rd3+ 48. Nd5+ Kg7 49. Kd7 Rxd5+ 50. cxd5 c4 51. e7 c3 52. e8=Q 1-0


[Site "https://www.chess.com"]

[Event "Titled Tuesday Blitz September 27 Early 2022"]
[White "Mouhamad, Joachim"]
[Black "Cramling Bellon, Anna"]
[WhiteFideId "656410"]
[BlackFideId "32009232"]
[WhiteElo "2147"]
[BlackElo "1905"]
[Result "1-0"]
[Round "07"]
[TimeControl "180+1"]
[Date "2022.09.27"]
[WhiteClock "0:00:27"]
[BlackClock "0:00:01"]

1. e4 c5 2. d4 cxd4 3. c3 Nf6 4. e5 Nd5 5. Bc4 e6 6. Nf3 d6 7. cxd4 Nc6 8. O-O dxe5 9. dxe5 Be7 10. Qe2 O-O 11. Rd1 Qc7 12. a3 Nb6 13. Bd3 Bd7 14. Nc3 Nd5 15. Qe4 g6 16. Nxd5 exd5 17. Qxd5 Be6 18. Qe4 Rfd8 19. Qe2 Bb3 20. Re1 Bc5 21. Bf4 Be6 22. Bc4 Bxf2+ 23. Kxf2 Nd4 24. Nxd4 Rxd4 25. Bxe6 Rxf4+ 26. Kg3 fxe6 27. Kxf4 Rf8+ 28. Kg3 Qb6 29. Rf1 Qb3+ 30. Rf3 1-0


[Site "https://www.chess.com"]

[Event "Titled Tuesday Blitz September 27 Early 2022"]
[White "Murtazin, Ruslan"]
[Black "Navarrete Mendez, Gonzalo Alberto"]
[WhiteFideId "24175960"]
[BlackFideId "5106850"]
[WhiteElo "2212"]
[BlackElo "2261"]
[Result "1/2-1/2"]
[Round "07"]
[TimeControl "180+1"]
[Date "2022.09.27"]
[WhiteClock "0:02:39"]
[BlackClock "0:02:03"]

1. e4 e5 2. Nf3 Nc6 3. Nc3 Nf6 4. Be2 d5 5. exd5 Nxd5 6. O-O Nxc3 7. bxc3 Bd6 8. d4 exd4 9. cxd4 O-O 10. c3 Bg4 11. h3 Bh5 12. Rb1 b6 13. Rb5 Bg6 14. Bd3 a6 15. Rg5 Be7 16. Rg3 Bd6 17. Rg5 Be7 18. Rg3 Bd6 19. Rg5 1/2-1/2


[Site "https://www.chess.com"]

[Event "Titled Tuesday Blitz September 27 Early 2022"]
[White "Namitbir Singh Walia"]
[Black "Martin, Lewis"]
[WhiteFideId "35071068"]
[BlackFideId "410551"]
[WhiteElo "1664"]
[BlackElo "2145"]
[Result "1/2-1/2"]
[Round "07"]
[TimeControl "180+1"]
[Date "2022.09.27"]
[WhiteClock "0:00:03"]
[BlackClock "0:00:15"]

1. d4 d5 2. c4 c6 3. Nc3 Nf6 4. Nf3 dxc4 5. a4 Bf5 6. e3 e6 7. Bxc4 Bb4 8. O-O Nbd7 9. h3 O-O 10. Nh4 Bg6 11. Nxg6 hxg6 12. Qb3 a5 13. Na2 Qe7 14. Nxb4 axb4 15. Bd2 c5 16. dxc5 Nxc5 17. Qxb4 Qc7 18. Rfc1 b6 19. Bb5 Nd5 20. Qh4 Qe5 21. Bc3 Nxc3 22. Rxc3 Rfd8 23. Rac1 Rd2 24. R3c2 Rad8 25. Qf4 Qd5 26. Qf3 Qb3 27. Rxd2 Rxd2 28. Rc4 g5 29. Qa8+ Kh7 30. Qf8 Qxb2 31. Qxf7 Rd1+ 32. Kh2 Qe5+ 33. g3 Rd2 34. Rg4 Ne4 35. Qh5+ Kg8 36. Qe8+ Kh7 37. Qh5+ Kg8 38. Qe8+ Kh7 39. Qh5+ 1/2-1/2


[Site "https://www.chess.com"]